 Dungeon Crawl Stone Soup version 0.30-a0-793-g160f7cfddd (webtiles) character file.

Game seed: 6795049977092418534

651 kingofthe the Conjurer (level 7, -15/36 HPs)
             Began as a Deep Elf Conjurer on Feb 19, 2023.
             Demolished by an ogre
             ... wielding a +0 giant club
              (21 damage)
             ... on level 4 of the Dungeon on Feb 20, 2023.
             The game lasted 00:10:31 (3794 turns).

kingofthe the Conjurer (Deep Elf Conjurer)          Turns: 3794, Time: 00:10:31

Health: -15/36     AC:  2    Str:  4    XL:     7   Next: 28%
Magic:  6/17       EV: 14    Int: 34    God:
Gold:   261        SH:  3    Dex: 15    Spells: 10/17 levels left

rFire   x . .      SeeInvis .    l - +2 short sword (vamp)
rCold   . . .      Faith    .    u - +0 buckler
rNeg    . . .      Spirit   .    a - +0 robe
rPois   .          Reflect  .    (no helmet)
rElec   .          Harm     .    (no cloak)
rCorr   +          Rampage  .    (no gloves)
Will    .....                    (no boots)
Stlth   +++                      (no amulet)
HPRegen 0.26/turn                I - +6 ring of intelligence
MPRegen 0.15/turn                r - ring of Niceuff {rF- rCorr Int+5}

@: no status effects
A: no striking features
a: no special abilities


You were on level 4 of the Dungeon.
You visited 1 branch of the dungeon, and saw 4 of its levels.

You collected 261 gold pieces.


   Skills:
 * Level 5.5 Dodging
 + Level 4.5 Stealth
 + Level 5.5 Spellcasting
 + Level 5.7 Conjurations
 * Level 4.2 Hexes


You had 10 spell levels left.
You knew the following spells:

 Your Spells              Type           Power      Damage    Failure   Level
a - Magic Dart            Conj           100%       1d8       1%          1
b - Searing Ray           Conj           96%        2d7       1%          2
f - Fulminant Prism       Conj/Hex       21%        3d12      8%          4

Your spell library contained the following spells:

 Spells                   Type           Power      Damage    Failure   Level
 Dazzling Flash           Conj/Hex       86%        N/A       2%          3
 Iskenderun's Mystic Bla  Conj/Tloc      28%        2d7       19%         4

Inventory:

Hand Weapons
 l - a +2 vampiric short sword (weapon)
Armour
 a - a +0 robe (worn)
 u - a +0 buckler (worn)
Jewellery
 r - the ring of Niceuff (right hand) {rF- rCorr Int+5}
   (You found it on level 3 of the Dungeon)

   [ring of resist corrosion]

   Int:       It affects your intelligence (+5).
   rF:        It makes you vulnerable to fire.
   rCorr:     It protects you from acid and corrosion.
 I - a +6 ring of intelligence (left hand)
 P - a ring of poison resistance
Wands
 v - a wand of roots (4)
Scrolls
 c - 2 scrolls of blinking {unknown}
 d - a scroll of identify {@r1@r1}
 f - a scroll of enchant weapon {unknown}
 g - 2 scrolls of magic mapping {unknown}
 h - 3 scrolls of teleportation {unknown}
 n - a scroll of noise {unknown}
 p - 4 scrolls of enchant armour {unknown}
 s - a scroll of fog {unknown}
 t - 2 scrolls of amnesia {unknown}
 w - a scroll of vulnerability {unknown}
Potions
 e - 2 potions of curing {@q1@q1}
 i - 2 potions of flight
 j - 2 potions of berserk rage {!q!q}
 k - 3 potions of heal wounds {unknown}
 m - 2 potions of haste {@q3@q3}
 o - a potion of attraction {unknown}
 q - 2 potions of mutation {unknown}
 x - a potion of might {unknown}

Dungeon Overview and Level Annotations

Branches:
Dungeon (4/15)
 Temple: D:4-7

Altars:

Shops:
D:3

? .# #.#
.#####.# ....#
.......# ....#
######## ....#
# ....# 5...#
...
############.#
#.....@O.....#
#.############
#.# #.# #.#
#.# #.# #.#
#.#


You could see an ogre.


Message History

* * * LOW HITPOINT WARNING * * *
Pikel freezes you.
* * * LOW HITPOINT WARNING * * *
You take 10 damage, and have 4/28 hp.
MASSIVE DAMAGE!!
You now have 9/13 mp.
The searing ray hits Pikel!
You kill Pikel!
The searing ray hits the ogre!
The ogre is heavily wounded.
You finish channelling your searing ray.
Your Dodging skill increases to level 5!
Your Stealth skill increases to level 4!
Your Spellcasting skill increases to level 5!
Your Hexes skill gained 3 levels and is now at level 4!
You have reached level 6!
You have reached level 7!
You regained 2 hp, and now have 6/36 hp.
You now have 8/17 mp.
Casting: Searing Ray (safe; 1% risk of failure)
Confirm with . or Enter, or press ? or * to list all spells.
Aiming: Searing Ray (safe; 1% risk of failure)
Press: ? - help, Shift-Dir - straight line, f - ogre
Aim: an ogre, wielding a +0 giant club (heavily wounded, 92% to hit)
The searing ray hits the ogre!
The ogre is severely wounded. (Press . to maintain the ray.)
You now have 6/17 mp.
The searing ray hits the ogre.
The ogre is almost dead.
The ogre hits you with a +0 giant club!!
Ouch! That really hurt!
You die...

Skill      XL: |  1  2  3  4  5 |
---------------+----------------+-----
Spellcasting   | 4 5 |  5.5
Dodging        | 3 5 |  5.5
Stealth        | 3 4 |  4.5
Conjurations   | 5 |  5.7
Hexes          | 1 4 |  4.2

Action                     |  1- 3 |  4- 6 |  7- 9 || total
---------------------------+-------+-------+-------++-------
  Melee: Unarmed           |     7 |       |       ||     7
   Cast: Magic Dart        |    91 |    16 |       ||   107
         Searing Ray       |     3 |    12 |     1 ||    16
    Use: Scroll            |       |     3 |       ||     3
         Potion            |       |     1 |       ||     1
 Armour: Robe              |     4 |     1 |       ||     5
  Dodge: Dodged            |     8 |     8 |       ||    16
  Block: Buckler           |       |     1 |       ||     1

Levels and vault maps discovered:
D:1:      dpeg_arrival_rhombi, layout_loops_ring
D:2:      layout_loops_cross, hellmonk_ecumenical_altar_watching_god
D:3:      layout_basic, serial_shops, nicolae_shop_waterfront,
          chequers_serial_rivers_large_b, kennysheep_generic_room_7
D:4:      layout_loops_ring, nicolae_shop_firing_range, uniq_pikel, uniq_ijyb

Notes
Turn   | Place    | Note
-------+----------+-------------------------------------------
     0 | D:1      | kingofthe the Deep Elf Conjurer began the quest for the
                  | Orb.
     0 | D:1      | Reached XP level 1. HP: 10/10 MP: 6/6
   181 | D:1      | Reached skill level 4 in Spellcasting
   181 | D:1      | Reached XP level 2. HP: 15/15 MP: 7/9
   562 | D:1      | Reached XP level 3. HP: 17/19 MP: 5/10
   817 | D:1      | Learned a level 2 spell: Searing Ray
  1380 | D:2      | Reached skill level 3 in Dodging
  1492 | D:2      | Reached skill level 3 in Stealth
  1762 | D:2      | Noticed a floating eye
  1765 | D:2      | Found a faded altar of an unknown god.
  1770 | D:2      | Noticed a shining eye
  1774 | D:2      | Noticed a shining eye
  1777 | D:2      | Noticed a golden eye
  2150 | D:3      | Found Qesoili's Magic Scroll Shoppe.
  2270 | D:3      | Identified the ring of Niceuff {rF- rCorr Int+5}
  2429 | D:3      | Reached XP level 4. HP: 24/24 MP: 8/12
  2566 | D:3      | Reached skill level 5 in Conjurations
  3090 | D:4      | Noticed Pikel
  3090 | D:4      | Noticed a lemure
  3090 | D:4      | Noticed a lemure
  3090 | D:4      | Noticed a lemure
  3090 | D:4      | Noticed a lemure
  3140 | D:4      | Noticed Ijyb
  3146 | D:4      | Learned a level 4 spell: Fulminant Prism
  3153 | D:4      | Killed Ijyb
  3231 | D:4      | Reached skill level 1 in Hexes
  3318 | D:4      | Reached XP level 5. HP: 28/28 MP: 8/13
  3652 | D:4      | Reached skill level 4 in Dodging
  3788 | D:4      | Noticed an ogre
  3792 | D:4      | Killed Pikel
  3793 | D:4      | Reached skill level 5 in Dodging
  3793 | D:4      | Reached skill level 4 in Stealth
  3793 | D:4      | Reached skill level 5 in Spellcasting
  3793 | D:4      | Reached skill level 4 in Hexes
  3793 | D:4      | Reached XP level 6. HP: 5/32 MP: 8/16
  3793 | D:4      | Reached XP level 7. HP: 6/36 MP: 8/17
  3794 | D:4      | Demolished by an ogre

Vanquished Creatures
  Pikel (D:4)
  Ijyb (D:4)
  3 gnolls (D:4)
  2 adders
  3 worms
  5 orcs
  5 ball pythons
  6 bats
  5 endoplasms
  4 giant cockroaches
  9 goblins
  6 hobgoblins
  2 jackals (D:1)
  2 quokkas
  5 frilled lizards
  7 kobolds
  5 rats (D:1)
71 creatures vanquished.

Table legend: (Time is in decaauts)
 A = Elapsed time spent in this place.
 B = Non-inter-level travel time spent in this place.
 C = Inter-level travel time spent in this place.
 D = Time resting spent in this place.
 E = Time spent auto-exploring this place.
 F = Levels seen in this place.
 G = Mean time per level.
                   A        B        C        D        E       F      G
               +--------+--------+--------+--------+--------+-----+--------+
         Total |   3820 |   3729 |     91 |    140 |   3203 |   4 |  955.0 |
       Dungeon |   3820 |   3729 |     91 |    140 |   3203 |   4 |  955.0 |
               +--------+--------+--------+--------+--------+-----+--------+

Top non-repeatable levels by time:
     D:1: 1218 daAuts
     D:3: 1112 daAuts
     D:2: 834 daAuts
     D:4: 655 daAuts

Table legend:
 A = Non-vault XP
 B = Vault XP
 C = Vault XP percentage of total XP
 D = Non-vault monster count
 E = Vault monster count
 F = Vault count percentage of total count
                 A         B        C        D         E       F
            +---------+---------+-------+---------+---------+-------
      Total |     174 |     756 |  81.3 |      67 |       4 |   5.6
            +---------+---------+-------+---------+---------+-------
        D:1 |      54 |       0 |   0.0 |      33 |       0 |   0.0
        D:2 |      28 |       0 |   0.0 |      14 |       0 |   0.0
        D:3 |      18 |      14 |  43.8 |       9 |       2 |  18.2
        D:4 |      74 |     742 |  90.9 |      11 |       2 |  15.4
            +---------+---------+-------+---------+---------+-------
